 Dungeon Crawl Stone Soup version 0.31-a0-222-gefeffbb62a (webtiles) character file.

Game seed: 12901372762053342379

41 qw the Shooter (level 3, -2/29 HPs)
             Began as a Minotaur Hexslinger on July 5, 2023.
             Slain by a worm (6 damage)
             ... on level 2 of the Dungeon.
             The game lasted 00:00:23 (690 turns).

qw the Shooter (Minotaur Hexslinger)                 Turns: 690, Time: 00:00:24

Health: -2/29      AC:  5    Str: 12    XL:     3   Next: 32%
Magic:  3/3        EV: 11    Int: 10    God:
Gold:   65         SH:  0    Dex: 14    Spells: 3/4 levels left

rFire   . . .        Y - +1 sling
rCold   . . .        (no shield)
rNeg    . . .        e - +0 ring mail
rPois   .            (helmet restricted)
rElec   .            (no cloak)
rCorr   .            (no gloves)
SInv    .            (no boots)
Will    .....        (no amulet)
Stlth   +            (no ring)
HPRegen 0.24/turn    (no ring)
MPRegen 0.08/turn

%: no passive effects
@: no status effects
A: horns 2, retaliatory headbutt
a: no special abilities


You were on level 2 of the Dungeon.
You visited 1 branch of the dungeon, and saw 2 of its levels.

You collected 65 gold pieces.


Innate Abilities, Weirdness & Mutations

You have a pair of horns on your head.
You reflexively headbutt those who attack you in melee.


   Skills:
 - Level 2.0 Fighting
 + Level 3.9 Ranged Weapons
 - Level 2.1 Dodging
 - Level 1.0 Spellcasting
 - Level 2.0 Hexes


You had 3 spell levels left.
You knew the following spells:

 Your Spells              Type           Power      Damage    Failure   Level
a - Slow                  Hex            16%        N/A       34%         1

Your spell library contained the following spells:

 Spells                   Type           Power      Damage    Failure   Level
 Inner Flame              Hex/Fire       2%         N/A       83%         3
 Portal Projectile        Hex/Tloc       4%         N/A       83%         3
 Cause Fear               Hex            2%         N/A       98%         4

Inventory:

Hand Weapons
 Y - a +1 sling (weapon)
Armour
 e - a +0 ring mail (worn)
Jewellery
 b - an amulet of reflection
Scrolls
 a - a scroll of identify
Potions
 g - a potion of resistance {unknown}
 h - a potion of curing {unknown}

Dungeon Overview and Level Annotations

Branches:
Dungeon (2/15)

Altars:


Message History

The adder closely misses you.
A worm comes into view.
The adder barely misses you. You furiously retaliate!
You headbutt the adder. You shoot a sling bullet.
The sling bullet closely misses the adder.
The adder bites you. x2
You are poisoned.
The adder poisons you!
You shoot a sling bullet. The sling bullet misses the adder.
You feel sick. The adder misses you. The worm misses you.
You shoot a sling bullet.
The sling bullet closely misses the adder.
You feel sick.
The adder bites you but does no damage. x2
The worm bites you but does no damage.
You shoot a sling bullet. The sling bullet hits the adder.
The adder is heavily wounded.
You feel sick.
The adder bites you. x2; The worm barely misses you.
You shoot a sling bullet. The sling bullet hits the adder.
The adder is heavily wounded.
You feel sick.
You are no longer poisoned.
The adder bites you but does no damage. The adder bites you.
You shoot a sling bullet.
The sling bullet barely misses the adder.
The adder completely misses you. The worm bites you.
You shoot a sling bullet. The sling bullet misses the adder.
The adder closely misses you. You furiously retaliate!
You headbutt the adder!
You kill the adder!
The worm closely misses you.
You shoot a sling bullet. The sling bullet hits the worm.
The worm is moderately wounded.
The worm bites you.
You shoot a sling bullet.
The sling bullet hits the worm but does no damage.
The worm is moderately wounded.
The worm closely misses you.
You shoot a sling bullet. The sling bullet hits the worm.
The worm is heavily wounded.
The worm bites you.
You die...

... ..### #..... ....#
#.....# #.#.#
.#.....#### #.#.#
.......+... #.#.#
.....###. . #.#.#
#....... ....##@#'####
###.###.
..<...w......######.....
.#######.....##......##.
............####.##.
#...............#.#..
#...............#.###
#...............#[#
####............#.###
############.#.##.


You could see a worm.

Vanquished Creatures
  An adder (D:2)
  A dart slug (D:1)
  2 endoplasms (D:1)
  A giant cockroach (D:1)
  8 goblins
  5 hobgoblins
  2 kobolds
  A quokka (D:1)
  A ball python (D:1)
  2 bats
  A frilled lizard (D:1)
  A rat (D:1)
26 creatures vanquished.

Notes
Turn   | Place    | Note
-------+----------+-------------------------------------------
     0 | D:1      | qw the Minotaur Hexslinger began the quest for the Orb.
     0 | D:1      | Reached XP level 1. HP: 16/16 MP: 1/1
     0 | D:1      | 0 ||| qw: Version: 0.3-a-46-gb1f654a
     0 | D:1      | 0 ||| qw: Game counter: 983
     0 | D:1      | 0 ||| qw: Melee chars always use a shield: true
     0 | D:1      | 0 ||| qw: God list: Okawaru
     0 | D:1      | 0 ||| qw: Allow faded altars: false
     0 | D:1      | 0 ||| qw: Do Orc after clearing Dungeon:15 true
     0 | D:1      | 0 ||| qw: Do second Lair branch before Depths: true
     0 | D:1      | 0 ||| qw: Lair rune preference: random
     0 | D:1      | 0 ||| qw: Goals: Normal
     0 | D:1      | 0 ||| PLANNING D:1-11
    44 | D:1      | Reached skill level 3 in Ranged Weapons
    72 | D:1      | Reached XP level 2. HP: 23/23 MP: 2/2
   422 | D:1      | 422 ||| UPGRADING to +0 ring mail.
   432 | D:1      | 432 ||| DROPPING +0 robe.
   433 | D:1      | 433 ||| READING scroll labelled COENEST AL HAL.
   434 | D:1      | 434 ||| READING scroll labelled ONOAMI VAXOR.
   435 | D:1      | 435 ||| READING scroll labelled YFUECK SIM JAMN.
   436 | D:1      | 436 ||| DROPPING scroll of poison.
   507 | D:2      | Reached XP level 3. HP: 29/29 MP: 3/3
   510 | D:2      | 510 ||| FLEEEEING.
   511 | D:2      | 511 ||| FLEEEEING.
   512 | D:2      | 512 ||| FLEEEEING.
   513 | D:2      | 513 ||| FLEEEEING.
   514 | D:2      | 514 ||| FLEEEEING.
   515 | D:2      | 515 ||| FLEEEEING.
   516 | D:2      | 516 ||| FLEEEEING.
   517 | D:2      | 517 ||| FLEEEEING.
   518 | D:2      | 518 ||| FLEEEEING.
   519 | D:2      | 519 ||| FLEEEEING.
   520 | D:2      | 520 ||| FLEEEEING.
   524 | D:2      | 524 ||| STAIRDANCE
   688 | D:2      | HP: 3/29 [worm (6)]
   690 | D:2      | Slain by a worm

Levels and vault maps discovered:
D:1:      minmay_arrival_four_houses, layout_rooms, minmay_misc_feat_five,
          minmay_tiny_reverse_x
D:2:      layout_basic

Skill      XL: |  1  2 |
---------------+-------+-----
Ranged Weapons | 3 |  3.9
Fighting       | 2 |  2.0
Dodging        | |  2.1
Spellcasting   | |  1.0
Hexes          | |  2.0

Action                     || total
---------------------------++-------
   Fire: Sling             ||    77
    Use: Scroll            ||     3
 Armour: Robe              ||     3
         Ring mail         ||     7
  Dodge: Dodged            ||    18

Table legend:
 A = Non-vault XP
 B = Vault XP
 C = Vault XP percentage of total XP
 D = Non-vault monster count
 E = Vault monster count
 F = Vault count percentage of total count
                 A         B        C        D         E       F
            +---------+---------+-------+---------+---------+-------
      Total |      56 |       3 |   5.1 |      24 |       2 |   7.7
            +---------+---------+-------+---------+---------+-------
        D:1 |      35 |       3 |   7.9 |      18 |       2 |  10.0
        D:2 |      21 |       0 |   0.0 |       6 |       0 |   0.0
            +---------+---------+-------+---------+---------+-------
